AoeStats
← ccereal

Lombardia

509407980Analyzed
2v2 RM · 5d ago on Sep 26, 2026· 18m 31s· 4 players
Game mode
Random Map
Map size
Medium (4 player)
Population
200
Speed
Normal
Resources
Standard
Victory
Conquest
Starting age
Dark Age
Ending age
Imperial Age
RankedLock teamsTeams togetherTeam positionsShared explorationLock speedFull tech treeHidden civsTurbo modeCheats
Victory
Defeat
🇫🇷 Saracens · France
1628
+10
🇫🇷 Khmer · France
1517
+14
🇦🇪 Saxons · United Arab Emirates
1515
-13
🇺🇸 Khitans · United States
1460
-11
Potato Edition55
7:05 Loom
9:24 Feudal Age
11:27 Forging
11:27 Double-Bit Axe
15:33 Domestication
17:24 Scale Barding Armor
Moog
6:39 Loom
9:13 Feudal Age
10:00 Double-Bit Axe
10:22 Man-at-Arms
12:54 Horse Collar
15:33 Fletching
ccereal
6:35 Loom
8:43 Feudal Age
9:24 Double-Bit Axe
12:36 Fletching
18:45 Wheelbarrow
Tonymontana
5:11 Loom
8:42 Feudal Age
9:41 Double-Bit Axe
12:31 Horse Collar
17:55 Bloodlines
Connection lost

Rejoining the realm…

Still unreachable

The connection could not be restored.

Session expired

The server has moved on; the page needs a fresh start.